 Dungeon Crawl Stone Soup version 0.22.0-1-g6561e4c (webtiles) character file.

70 Lew the Skirmisher (level 4, 0/31 HPs)
             Began as an Octopode Fighter on Aug 12, 2018.
             Slain by a goblin
             ... wielding a +0 club
             ... led by Robin
              (3 damage)
             ... on level 2 of the Dungeon.
             The game lasted 00:01:31 (514 turns).

Lew the Skirmisher (Octopode Fighter)                Turns: 514, Time: 00:01:32

Health: 0/31       AC:  1    Str: 20    XL:     4   Next: 21%
Magic:  4/4        EV: 12    Int: 10    God:
Gold:   49         SH: 10    Dex: 12    Spells: 3/3 levels left

rFire    . . .     SeeInvis .   a - +0 trident
rCold    . . .     Gourm    .   b - +1 shield
rNeg     . . .     Faith    .   (helmet restricted)
rPois    .         Spirit   .   (no amulet)
rElec    .         Reflect  .   (no ring)
rCorr    .         Harm     .   (no ring)
MR       .....                  (no ring)
Stlth    +++.......             (no ring)
HPRegen  0.10/turn              (no ring)
MPRegen  0.09/turn              (no ring)
                                (no ring)
                                (no ring)

@: mighty, lethally poisoned (0 -> -4)
A: almost no armour, stealthy swim, amphibious, 8 rings, constrict 8, camouflage
1, gelatinous body 1
a: no special abilities


You were on level 2 of the Dungeon.
You were not hungry.

You visited 1 branch of the dungeon, and saw 2 of its levels.

You collected 49 gold pieces.

Inventory:

Hand Weapons
 a - a +0 trident (weapon)
Armour
 b - a +1 shield (worn)
Comestibles
 d - 2 rations


   Skills:
 + Level 3.5 Fighting
 + Level 2.5 Polearms
 + Level 3.5 Dodging
 + Level 1.5 Stealth
 + Level 3.4 Shields


You had 3 spell levels left.
You didn't know any spells.
Your spell library was empty.

Dungeon Overview and Level Annotations

Branches:
Dungeon (2/15)

Altars:

Annotations:
D:2 Robin


Innate Abilities, Weirdness & Mutations

You cannot wear most types of armour.
You are very stealthy in the water. (Stealth+)
You are amphibious.
You can wear up to eight rings at the same time.
You can use your tentacles to constrict eight enemies at once.
Your skin changes colour to match your surroundings (Stealth+).
Your rubbery body absorbs attacks. (AC +1, EV +1)


Message History

* * * LOW HITPOINT WARNING * * *
You feel sick. You block the hobgoblin's attack. Robin closely misses you.
A rat comes into view.
You block the goblin's attack.
You hit Robin. You grab Robin. You squeeze Robin.
Robin is severely wounded.
You constrict Robin. You block the goblin's attack.
A goblin comes into view. It is wielding a dagger.
You block the hobgoblin's attack. Robin hits you with a dagger.
* * * LOW HITPOINT WARNING * * *
The goblin closely misses you. You block the goblin's attack.
You barely miss the hobgoblin.
The goblin shouts!
Your grab misses the hobgoblin. You constrict Robin.
* * * LOW HITPOINT WARNING * * *
You feel sick. The hobgoblin closely misses you.
A hobgoblin comes into view.
You block Robin's attack. The goblin closely misses you.
The goblin hits you with a club.
You die...

### .. #.
##.########
#####..).......
#.....#g.?.....
#g@g?#######
..##g#.# #..
#...g#.#####.##
#.g..........(#
#$#......###..#
.g.#.....<.....#
.g#
#......###(.# .r
#.#...## #(.#
#.##%## #†.#


You could see Robin, 2 hobgoblins, 5 goblins and a rat.

Vanquished Creatures
  Jessica (D:2)
  2 dart slugs (D:1)
  A leopard gecko (D:1)
  4 giant cockroaches (D:1)
  4 hobgoblins
  A jackal (D:2)
  8 kobolds
  3 bats (D:1)
  A frilled lizard (D:1)
  6 goblins
  3 rats (D:1)
34 creatures vanquished.

Notes
Turn   | Place    | Note
-------+----------+-------------------------------------------
     0 | D:1      | Lew the Octopode Fighter began the quest for the Orb.
     0 | D:1      | Reached XP level 1. HP: 16/16 MP: 1/1
    42 | D:1      | Reached XP level 2. HP: 21/21 MP: 2/2
   137 | D:1      | Reached XP level 3. HP: 26/26 MP: 3/3
   473 | D:2      | Noticed Jessica
   499 | D:2      | Noticed Robin
   500 | D:2      | Reached skill level 1 in Stealth
   504 | D:2      | Killed Jessica
   504 | D:2      | Reached XP level 4. HP: 28/31 MP: 4/4
   514 | D:2      | Slain by a goblin

Skill      XL: |  1  2  3 |
---------------+----------+-----
Stealth        | 1 |  1.5
Fighting       | |  3.5
Polearms       | |  2.5
Dodging        | |  3.5
Shields        | |  3.4

Action                   |  1- 3 |  4- 6 || total
-------------------------+-------+-------++-------
Melee: Trident           |    59 |     7 ||    66
       Constrict         |    18 |     2 ||    20
       Tentacles         |     6 |     1 ||     7
  Use: Scroll            |     2 |       ||     2
       Potion            |       |     2 ||     2
 Stab: Distracted        |     1 |       ||     1
       Sleeping          |     1 |       ||     1
Armor: Skin              |     4 |       ||     4
Dodge: Dodged            |    14 |     6 ||    20
Block: Shield            |    13 |     9 ||    22
